 Dungeon Crawl Stone Soup version 0.27-a0-661-gca034ae587 (webtiles) character file.

Game seed: 1182086773157955821

503 Jerej03 the Magician (level 6, -6/47 HPs)
             Began as a Draconian Hedge Wizard on Mar 16, 2021.
             Killed by divine providence
             ... invoked by an orc priest
              (12 damage)
             ... on level 4 of the Dungeon on Mar 17, 2021.
             The game lasted 00:22:02 (4452 turns).

Jerej03 the Magician (Draconian Hedge Wizard)       Turns: 4452, Time: 00:22:04

Health: -6/47      AC:  6    Str: 13    XL:     6   Next: 96%
Magic:  4/13       EV: 12    Int: 16    God:
Gold:   175        SH:  0    Dex: 10    Spells: 9/15 levels left

rFire    . . .     SeeInvis .   j - +2 short sword (drain)
rCold    . . .     Faith    .   (no shield)
rNeg     . . .     Spirit   .   (armour unavailable)
rPois    .         Reflect  .   b - +0 hat
rElec    .         Harm     .   (no cloak)
rCorr    .         Rampage  .   (no gloves)
Will     .....                  (no boots)
Stlth    ++........             f - amulet of regeneration
HPRegen  1.15/turn              (no ring)
MPRegen  0.13/turn              (no ring)

@: lethally poisoned (-6 -> -6)
A: AC +6, unfitting armour, cold-blooded
a: no special abilities


You were on level 4 of the Dungeon.
You visited 1 branch of the dungeon, and saw 4 of its levels.

You collected 175 gold pieces.

Inventory:

Hand Weapons
 e - a +0 hand axe of freezing
 j - a +2 short sword of draining (weapon)
Armour
 b - a +0 hat (worn)
 g - a +0 plate armour
Jewellery
 f - an amulet of regeneration (around neck)
 n - a ring of fire
 p - a ring of fire
 q - a ring of positive energy
Wands
 s - a wand of flame (21)
Scrolls
 c - 2 scrolls of fog {unknown}
 d - 3 scrolls of blinking {unknown}
 i - a scroll of fear {unknown}
 l - 2 scrolls of enchant weapon {unknown}
 o - 3 scrolls of identify {unknown}
 r - a scroll of immolation {unknown}
Potions
 a - 7 potions of curing {unknown}
 h - 3 potions of lignification {unknown}
 k - a potion of flight {unknown}
 m - 3 potions of resistance {unknown}


   Skills:
 + Level 1.3 Fighting
 + Level 1.5 Short Blades
 + Level 0.3 Axes
 + Level 2.4 Dodging
 + Level 2.3 Stealth
 + Level 5.2 Spellcasting
 + Level 4.0 Conjurations
 + Level 1.0 Summonings
 + Level 1.0 Translocations
 + Level 0.4 Air Magic
 + Level 0.7 Poison Magic


You had 9 spell levels left.
You knew the following spells:

 Your Spells              Type           Power      Damage    Failure   Level
a - Magic Dart            Conj           68%        1d6       3%          1
b - Blink                 Tloc           N/A        N/A       16%         2
c - Mephitic Cloud        Conj/Pois/Air  9%         N/A       22%         3

Your spell library contained the following spells:

 Spells                   Type           Power      Damage    Failure   Level
 Call Imp                 Summ           7%         N/A       16%         2
 Conjure Flame            Conj/Fire      10%        6-21      21%         3
 Slow                     Hex            4%         N/A       22%         2


Dungeon Overview and Level Annotations

Branches:
Dungeon (4/15)
 Temple: D:4-7

Altars:
Ru
Vehumet


Innate Abilities, Weirdness & Mutations

Your plain brown scales are hard. (AC +6)
You cannot fit into any form of body armour.
You are cold-blooded and may be slowed by cold attacks.


Message History

Your magical contamination has completely faded away.
The worker ant bites you. The adder bites you but does no damage.
Something hits you. The worker ant bites you.
You are poisoned.
The worker ant poisons you! Something hits you.
You feel sick. The adder closely misses you. The orc barely misses you.
You see here 27 stones.
You feel sick. The adder bites you but does no damage.
The phantom hits you but does no damage.
You feel sick. The phantom hits you.
The phantom blinks!
You blink.
An orc comes into view. It is wielding a +0 club.
The orc shouts!
You hit the phantom but do no damage.
An orc priest comes into view. It is wielding a +0 short sword.
The phantom hits you but does no damage.
An orc comes into view. It is wielding a +0 dagger.
The phantom hits you.
The phantom blinks!
You blink.
Found a stone staircase leading down.
A worker ant comes into view.
You feel sick.
The orc priest invokes the aid of Beogh against you.
Beogh smites you! The phantom hits you. The phantom hits you.
The orc barely misses you. The phantom misses you.
The orc priest invokes the aid of Beogh against you.
Beogh smites you!
* * * LOW HITPOINT WARNING * * *
The orc hits you with a +0 club.
* * * LOW HITPOINT WARNING * * *
You feel sick.
An orc wizard appears from thin air!
Reactivating autopickup.
You hit the ogre. You drain the ogre.
The ogre is moderately wounded.
The adder barely misses you. The ogre closely misses you.
The phantom misses you.
The orc priest mumbles some strange prayers to Beogh against you.
Beogh smites you!
You die...

. .......###
#..##.......... #.#..
........ ##...###..##.#
#.....#......##
######^.....<.......
###...#...##........).
##.#...O..####.#.....#.
##....o@OB.o...O.B.(....
#.....WoS..l...So...#._.
#..>....o.....##)#l.....
##..oB......#..#).....#.
#...##.....##...).l....
#.....#...........#.....
#.................?.#...
.......#.#..............#
........###............###


You could see a phantom, 2 ogres, 2 worker ants, an orc priest, an orc wizard,
an adder, 3 orcs and a frilled lizard.

Vanquished Creatures
  Sigmund (D:3)
  A phantom (D:4)
  A water moccasin zombie (D:2)
  An orc priest (D:3)
  An iguana (D:4)
  Robin (D:3)
  4 adders
  4 dart slugs (D:1)
  2 leopard geckos
  9 orcs
  A ball python (D:3)
  3 giant cockroaches
  16 goblins
  9 hobgoblins
  4 jackals (D:3)
  2 quokkas
  7 bats
  5 frilled lizards
  11 kobolds
  8 rats
91 creatures vanquished.

Notes
Turn   | Place    | Note
-------+----------+-------------------------------------------
     0 | D:1      | Jerej03 the Draconian Hedge Wizard began the quest for the
                  | Orb.
     0 | D:1      | Reached XP level 1. HP: 14/14 MP: 4/4
     8 | D:1      | Noticed an iguana
     8 | D:1      | Noticed an anaconda
     8 | D:1      | Noticed a four-headed hydra
     8 | D:1      | Noticed a black bear
   257 | D:1      | Reached XP level 2. HP: 13/20 MP: 0/6
  1187 | D:1      | Reached XP level 3. HP: 26/26 MP: 0/8
  2186 | D:2      | Reached skill level 4 in Spellcasting
  2296 | D:2      | Reached XP level 4. HP: 26/34 MP: 0/10
  2458 | D:2      | Learned a level 2 spell: Blink
  2462 | D:2      | Learned a level 3 spell: Mephitic Cloud
  2787 | D:3      | Noticed Sigmund
  2801 | D:3      | Killed Sigmund
  2802 | D:3      | Reached skill level 1 in Fighting
  2802 | D:3      | Reached skill level 1 in Short Blades
  2802 | D:3      | Reached XP level 5. HP: 38/40 MP: 1/12
  2802 | D:3      | Reached XP level 6. HP: 44/47 MP: 1/13
  2819 | D:3      | Upgraded the game from 0.27-a0-652-g2d5cf1dcd3 to
                  | 0.27-a0-661-gca034ae587
  3222 | D:3      | Found a sacrificial altar of Ru.
  3834 | D:3      | Noticed Robin
  3960 | D:3      | Killed Robin
  3964 | D:3      | Reached skill level 5 in Spellcasting
  4262 | D:4      | Found a radiant altar of Vehumet.
  4452 | D:4      | Killed from afar by an orc priest

Illustrated notes

Levels and vault maps discovered:
D:1:      onia_arrival_zoo_common, layout_loops_ring
D:2:      layout_loops_cross
D:3:      minmay_chambers_of_twos, layout_loops_ring, nicolae_ru_path_of_blood,
          uniq_sigmund, uniq_robin
D:4:      layout_cave_pools, vehumet_altar_wand_db, kennysheep_mini_moat

Skill      XL: |  1  2  3  4  5  6 |
---------------+-------------------+-----
Dodging        | 2 |  2.4
Spellcasting   | 4 5 |  5.2
Conjurations   | 2 3 4 |  4.0
Fighting       | 1 |  1.3
Short Blades   | 1 |  1.5
Stealth        | 2 |  2.3
Axes           | |  0.3
Summonings     | |  1.0
Translocations | |  1.0
Air Magic      | |  0.4
Poison Magic   | |  0.7

Action                   |  1- 3 |  4- 6 || total
-------------------------+-------+-------++-------
Melee: Dagger            |     2 |       ||     2
       Hand axe          |     5 |       ||     5
       Short sword       |     9 |    31 ||    40
       Tailslap          |     1 |     2 ||     3
 Cast: Magic Dart        |    97 |   136 ||   233
       Mephitic Cloud    |       |     5 ||     5
 Stab: Confused          |       |     1 ||     1
Armor: Skin              |     8 |    23 ||    31
Dodge: Dodged            |    24 |    55 ||    79

Table legend: (Time is in decaauts)
 A = Elapsed time spent in this place.
 B = Non-inter-level travel time spent in this place.
 C = Inter-level travel time spent in this place.
 D = Time resting spent in this place.
 E = Time spent auto-exploring this place.
 F = Levels seen in this place.
 G = Mean time per level.
                   A        B        C        D        E       F      G
               +--------+--------+--------+--------+--------+-----+--------+
         Total |   4454 |   4393 |     61 |    132 |   3653 |   4 | 1113.5 |
       Dungeon |   4454 |   4393 |     61 |    132 |   3653 |   4 | 1113.5 |
               +--------+--------+--------+--------+--------+-----+--------+

Top non-repeatable levels by time:
     D:3: 1736 daAuts
     D:1: 1592 daAuts
     D:2: 935 daAuts
     D:4: 189 daAuts
